 Dungeon Crawl Stone Soup version 0.28.0-53-g5a82cb258f (webtiles) character file.

Game seed: 3346179504997073322

39 DocClef the Skirmisher (level 3, -4/33 HPs)
             Began as a Draconian Fighter on June 15, 2022.
             Slain by an ice beast (7 damage)
             ... on level 6 of the Dungeon.
             The game lasted 00:01:18 (1671 turns).

DocClef the Skirmisher (Draconian Fighter)          Turns: 1671, Time: 00:01:19

Health: -4/33      AC:  5    Str: 20    XL:     3   Next: 26%
Magic:  3/3        EV: 12    Int:  8    God:
Gold:   163        SH:  4    Dex: 10    Spells: 2/2 levels left

rFire   . . .      SeeInvis .   a - +0 rapier
rCold   + . .      Faith    .   b - +0 buckler
rNeg    . . .      Spirit   .   (armour unavailable)
rPois   .          Reflect  .   (helmet restricted)
rElec   .          Harm     .   (no cloak)
rCorr   .          Rampage  .   (no gloves)
Will    .....                   (no boots)
Stlth   +.........              (no amulet)
HPRegen 0.11/turn               g - ring of protection from cold
MPRegen 0.08/turn               (no ring)

@: no status effects
A: AC +5, unfitting armour, cold-blooded
a: no special abilities


You were on level 6 of the Dungeon.
You visited 1 branch of the dungeon, and saw 5 of its levels.

You collected 163 gold pieces.

Inventory:

Hand Weapons
 a - a +0 rapier (weapon)
Armour
 b - a +0 buckler (worn)
Jewellery
 g - a ring of protection from cold (left hand)
Scrolls
 e - a scroll of teleportation
Potions
 c - a potion of might


   Skills:
 + Level 3.8 Fighting
 + Level 2.4 Short Blades
 + Level 3.3 Dodging
 + Level 0.3 Stealth
 - Level 3.0 Shields


You had 2 spell levels left.
You didn't know any spells.
Your spell library was empty.

Dungeon Overview and Level Annotations

Branches:
Dungeon (6/15)
 Temple: D:4-7

Altars:


Innate Abilities, Weirdness & Mutations

Your plain brown scales are hard. (AC +5)
You cannot fit into any form of body armour.
You are cold-blooded and may be slowed by cold attacks.


Message History

The gnoll shouts! x2
An adder skeleton comes into view.
You see here 12 gold pieces.
The gnoll hits you from afar with a +0 spear.
The gnoll barely misses you.
You hit the gnoll. You tail-slap the gnoll.
The gnoll is lightly wounded.
The gnoll hits you with a +0 spear. The gnoll closely misses you.
You barely miss the gnoll. You tail-slap the gnoll.
The gnoll is moderately wounded.
The gnoll hits you with a +0 spear.
You hit the gnoll but do no damage.
Your tail-slap misses the gnoll.
The gnoll is moderately wounded.
The gnoll hits you with a +0 spear.
You are too injured to fight recklessly!
You hit the gnoll but do no damage.
The gnoll is moderately wounded.
The gnoll misses you. The gnoll barely misses you.
You see here 12 gold pieces.
There is a stone staircase leading down here.
The gnoll closely misses you.
You climb downwards.
The orc shouts!
The orc wizard shouts!
The orc shouts! x2
Found a trident.
Found a stone staircase leading down.
There is a stone staircase leading up here.
There is a stone staircase leading down here.
The orc hits you with a +0 war axe!
* * * LOW HITPOINT WARNING * * *
The orc wizard hits you but does no damage.
You climb downwards.
Found a falchion.
There is a stone staircase leading up here.
An ice beast comes into view.
You barely miss the ice beast. The orc barely misses you.
The orc wizard hits you but does no damage.
The ice beast hits you.
* * * LOW HITPOINT WARNING * * *
The ice beast freezes you! You resist.
You die...

.. #. #. ####
#. ....
######.###..#
............#
#......o@.#
.####.o#Y#
#..#.# #..#.#
.).#.#
.#..#.#
#.#..#.# .
#..#.# ..
..o#


You could see an ice beast, an orc wizard and an orc.

Vanquished Creatures
  An adder (D:2)
  2 worms (D:2)
  A dart slug (D:1)
  An orc (D:4)
  6 ball pythons
  A bat (D:2)
  3 endoplasms
  A goblin (D:2)
  2 kobolds (D:1)
  A frilled lizard (D:2)
  2 rats (D:2)
21 creatures vanquished.

Vanquished Creatures (others)
  8 toadstools (D:2)
8 creatures vanquished.

Grand Total: 29 creatures vanquished

Notes
Turn   | Place    | Note
-------+----------+-------------------------------------------
     0 | D:1      | DocClef the Draconian Fighter began the quest for the Orb.
     0 | D:1      | Reached XP level 1. HP: 19/19 MP: 1/1
   569 | D:1      | Reached XP level 2. HP: 15/26 MP: 2/2
   815 | D:1      | Found a faded altar of an unknown god.
  1370 | D:2      | Reached XP level 3. HP: 13/33 MP: 3/3
  1623 | D:2      | You fall into a shaft and drop 2 floors!
  1666 | D:5      | Entered Level 5 of the Dungeon
  1670 | D:6      | Noticed an ice beast
  1671 | D:6      | Slain by an ice beast

Illustrated notes

Levels and vault maps discovered:
D:1:      erik_arrival_cave_to_civilisation [erik_arrival_cave_to_hall],
          layout_loops_ring, ebering_ecumenical_altar_ruins
D:2:      cheibrodos_fertilizer, layout_loops_ring, st_stairs_13
D:4:      layout_basic, uniq_crazy_yiuf_cottage, uniq_ijyb
D:5:      layout_rooms, gammafunk_ghost_grave, uniq_blork_the_orc
D:6:      layout_loops_ring, minmay_ruffians, uniq_duvessa, uniq_edmund

Skill      XL: |  1  2 |
---------------+-------+-----
Dodging        | 3 |  3.3
Fighting       | |  3.8
Short Blades   | |  2.4
Stealth        | |  0.3
Shields        | |  3.0

Action                   || total
-------------------------++-------
Melee: Rapier            ||    68
       Tailslap          ||    10
  Use: Scroll            ||     3
Armor: Skin              ||    12
Dodge: Dodged            ||    38
Block: Buckler           ||    16
